 Seeded DCSS version 0.30-a0-439-g9e77e4d916 (webtiles) character file.

Game seed: 2672040522805985899 (custom seed)

1277 innerfire433 the Trooper (level 8, -6/65 HPs)
             Began as a Demonspawn Monk on Dec 11, 2022.
             Was a Believer of Cheibriados.
             Mangled by Duvessa
             ... wielding a +0 short sword
              (11 damage)
             ... on level 5 of the Dungeon.
             The game lasted 00:08:00 (4403 turns).

innerfire433 the Trooper (Demonspawn Monk)          Turns: 4403, Time: 00:08:00

Health: -6/65      AC:  8    Str: 18    XL:     8   Next: 29%
Magic:  8/8        EV: 16    Int: 20    God:    Cheibriados [**....]
Gold:   312        SH:  0    Dex: 26    Spells: 7/7 levels left

rFire   . . .      SeeInvis +    k - +10 dagger "Buwuc" {venom, rC+}
rCold   + . .      Faith    .    (no shield)
rNeg    + . .      Spirit   .    l - +1 ring mail {rN+}
rPois   .          Reflect  .    r - +0 helmet of Beogh's Regard {Rampage rElec Int+2 Dex+6}
rElec   +          Harm     .    (no cloak)
rCorr   +          Rampage  +    (no gloves)
Will    .....                    (no boots)
Stlth   +++.......               (no amulet)
HPRegen 0.30/turn                g - ring of resist corrosion
MPRegen 0.11/turn                i - ring of see invisible

@: flying, studying Fighting, very slow
A: sturdy frame 2, demonic magic 1, demonic touch 1
a: Renounce Religion, Bend Time


You were on level 5 of the Dungeon.
You worshipped Cheibriados.
Cheibriados was pleased with you.
You visited 2 branches of the dungeon, and saw 6 of its levels.

You collected 312 gold pieces.

Inventory:

Hand Weapons
 a - a +0 short sword
 k - the +10 dagger "Buwuc" (weapon) {venom, rC+}
   (You found it on level 2 of the Dungeon)

   It poisons the flesh of those it strikes.
   rC:        It protects you from cold.
 t - a +0 giant club
Armour
 b - a +0 robe
 l - a +1 ring mail of positive energy (worn)
 n - a scarf of harm
 r - the +0 helmet of Beogh's Regard (worn) {Rampage rElec Int+2 Dex+6}
   (You found it on level 2 of the Dungeon)

   Int:       It affects your intelligence (+2).
   Dex:       It affects your dexterity (+6).
   rElec:     It insulates you from electricity.
   Rampage:   It bestows one free step when moving towards enemies.
   Cheibriados disapproves of the use of such an item.
Jewellery
 g - a ring of resist corrosion (left hand)
 i - a ring of see invisible (right hand)
Wands
 s - a wand of polymorph (9)
 u - a wand of light (6)
Scrolls
 e - 2 scrolls of enchant armour {unknown}
 f - 4 scrolls of identify {unknown}
 h - 5 scrolls of teleportation {unknown}
 m - 4 scrolls of silence {unknown}
 o - a scroll of immolation {unknown}
 p - a scroll of brand weapon {unknown}
 q - a scroll of torment {unknown}
 w - a scroll of enchant weapon {unknown}
 y - a scroll of fog {unknown}
 B - a scroll of poison {unknown}
Potions
 c - 2 potions of mutation {unknown}
 j - 2 potions of flight
 v - a potion of curing {unknown}
 x - a potion of cancellation {unknown}
 z - a potion of brilliance {unknown}
 A - a potion of degeneration {unknown}


   Skills:
 + Level 6.7 Fighting
 + Level 5.3 Short Blades
 + Level 4.3 Armour
 + Level 5.3 Dodging
 - Level 1.9 Stealth


You had 7 spell levels left.
You didn't know any spells.
Your spell library contained the following spells:

 Spells                   Type           Power      Damage    Failure   Level
 Gell's Gravitas          Tloc           0%         N/A       52%         3
 Ignite Poison            Fire/Tmut/Pois 0%         N/A       52%         3
 Lesser Beckoning         Tloc           0%         N/A       52%         3
 Teleport Other           Tloc           0%         N/A       52%         3
 Sticky Flame             Conj/Fire      0%         2d3       90%         4
 Ignition                 Fire           0%         3d3       100%        8


Dungeon Overview and Level Annotations

Branches:
Dungeon (5/15)             Temple (1/1) D:4

Altars:
Cheibriados
Fedhas
Hepliaklqana
Kikubaaqudgha
Makhleb
Nemelex Xobeh
Ru
Sif Muna
Trog
Uskayaw
Vehumet
Xom

Annotations:
D:5 2 transporters, Duvessa; Iich's ghost, novice HOFi


Innate Abilities, Weirdness & Mutations

Your movements are less encumbered by armour. (ER -4)
Spells you cast may paralyse adjacent enemies.
Your touch may inflict minor irresistible damage on your foes.


Message History

Found a transporter.
Duvessa attacks as you move away! Duvessa misses you.
Found 5 stones.
Duvessa rages.
Duvessa hits you with a +0 short sword.
* * * LOW HITPOINT WARNING * * *
It was a potion of flight.
You feel more buoyant. Duvessa misses you.
Found a stone staircase leading down.
Duvessa misses you. Duvessa attacks as you move away!
Duvessa barely misses you.
There is a transporter here.
You feel less batty.
The +10 dagger "Buwuc" {venom, rC+} unmelds from your body.
The +0 helmet of Beogh's Regard {Rampage rElec Int+2 Dex+6} unmelds from your body.
Your +1 ring mail of positive energy unmelds from your body.
Your ring of resist corrosion unmelds from your body.
Your ring of see invisible unmelds from your body.
The +10 dagger "Buwuc" {venom, rC+} begins to drip with poison!
You really shouldn't be using a hasty item like this.
You feel more protected from negative energy.
Duvessa rages.
Duvessa closely misses you.
You hit Duvessa but do no damage.
You touch Duvessa!
Duvessa is moderately wounded.
Duvessa misses you.
You hit Duvessa.
Duvessa is moderately wounded.
Duvessa barely misses you.
You hit Duvessa.
Duvessa is poisoned.
Duvessa is heavily wounded.
Duvessa closely misses you.
You hit Duvessa.
Duvessa looks as sick as possible!
You touch Duvessa!
Your punch misses Duvessa.
Duvessa is severely wounded.
Duvessa hits you with a +0 short sword.
* * * LOW HITPOINT WARNING * * *
You barely miss Duvessa.
Duvessa is severely wounded.
Duvessa hits you with a +0 short sword!
You die...

# #...........##.#
.'.....###.###..#.#
##....#########...# +.>
##..# #.# #.###..# #..
....##.. #...##..#
........####.#.#.##..#
......#.##...#yy.##..#
.....##.#y#.#.#.#.#..#
###.#......@#yy#.y.#.y#..#
+...#...##.e#yW#.#.#.y#©.#
#.... ..###.#y.#...#..#.##
.....##..##.#)#y#.#.#.#.#
......#..##.##..!#y.!##.#
.........##.##.#.#.#.##.#
.......)..#.##y..#yyy##.#
....>....##.###.# #y###.#
.........##..#########..#


You could see Duvessa (berserk, extremely poisoned), 6 killer bees and Iich's
ghost.

Vanquished Creatures
  Sigmund (D:2)
  A black bear (D:5)
  An ogre (D:4)
  A centaur (D:4)
  2 necrophages (D:4)
  Dowan (D:5)
  A howler monkey (D:5)
  4 hounds
  2 orc priests
  2 jellies (D:5)
  Ijyb (D:4)
  5 iguanas
  2 orc wizards (D:5)
  4 gnolls (D:4)
  5 adders
  A white imp (D:5)
  An ufetubus (D:5)
  7 worms
  3 dart slugs
  17 orcs
  4 bats
  5 endoplasms
  5 giant cockroaches
  6 goblins
  2 hobgoblins
  8 jackals
  A quokka (D:2)
  6 ball pythons
  4 frilled lizards
  4 kobolds
  5 rats
112 creatures vanquished.

Vanquished Creatures (others)
  An orc (D:4)
  A hobgoblin (D:4)
2 creatures vanquished.

Grand Total: 114 creatures vanquished

Notes
Turn   | Place    | Note
-------+----------+-------------------------------------------
     0 | D:1      | innerfire433 the Demonspawn Monk began the quest for the
                  | Orb.
     0 | D:1      | Reached XP level 1. HP: 18/18 MP: 1/1
   155 | D:1      | Gained mutation: Your movements are slightly less
                  | encumbered by armour. (ER -2) [demonic ancestry]
   155 | D:1      | Reached XP level 2. HP: 16/24 MP: 2/2
   915 | D:2      | Gained mutation: Your movements are less encumbered by
                  | armour. (ER -4) [demonic ancestry]
   915 | D:2      | Reached XP level 3. HP: 29/29 MP: 3/3
   950 | D:2      | Identified the +10 dagger "Buwuc" {venom, rC+}
  1183 | D:2      | Found a faded altar of an unknown god.
  1192 | D:2      | Reached skill level 1 in Armour
  1193 | D:2      | Noticed Sigmund
  1206 | D:2      | Killed Sigmund
  1207 | D:2      | Reached skill level 4 in Fighting
  1207 | D:2      | Reached XP level 4. HP: 7/37 MP: 4/4
  1207 | D:2      | Gained mutation: Spells you cast may paralyse adjacent
                  | enemies. [demonic ancestry]
  1207 | D:2      | Reached XP level 5. HP: 8/42 MP: 5/5
  1212 | D:2      | HP: 2/42 [poisoned by Sigmund]
  1504 | D:2      | Identified the +0 helmet of Beogh's Regard {Rampage rElec
                  | Int+2 Dex+6}
  1770 | D:3      | Found a faded altar of an unknown god.
  2065 | D:3      | Found a sacrificial altar of Ru.
  2140 | D:3      | Reached XP level 6. HP: 43/48 MP: 6/6
  2288 | D:3      | Found a shimmering blue altar of Sif Muna.
  3150 | D:4      | Noticed Ijyb
  3171 | D:4      | Killed Ijyb
  3234 | D:4      | Reached XP level 7. HP: 46/55 MP: 7/7
  3324 | D:4      | Reached skill level 5 in Fighting
  3415 | D:4      | Found a staircase to the Ecumenical Temple.
  3434 | Temple   | Entered the Ecumenical Temple
  3459 | Temple   | Became a worshipper of Cheibriados the Contemplative
  3459 | Temple   | Reached * piety under Cheibriados
  3459 | Temple   | Reached ** piety under Cheibriados
  3552 | D:4      | Found an ancient bone altar of Kikubaaqudgha.
  3553 | D:4      | Found a blossoming altar of Fedhas.
  3787 | D:5      | Entered Level 5 of the Dungeon
  4023 | D:5      | Reached skill level 6 in Fighting
  4026 | D:5      | Reached skill level 5 in Short Blades
  4030 | D:5      | Reached skill level 5 in Dodging
  4030 | D:5      | Gained mutation: Your touch may inflict minor irresistible
                  | damage on your foes. [demonic ancestry]
  4030 | D:5      | Reached XP level 8. HP: 33/64 MP: 8/8
  4350 | D:5      | Noticed Iich's ghost (novice HOFi)
  4357 | D:5      | Found a transporter.
  4361 | D:5      | Noticed Duvessa
  4362 | D:5      | Noticed Dowan
  4371 | D:5      | Killed Dowan
  4380 | D:5      | HP: 1/65 [Duvessa/+0 short sword (16)]
  4393 | D:5      | Found a transporter.
  4403 | D:5      | Mangled by Duvessa

Illustrated notes

Levels and vault maps discovered:
D:1:      psy_arrival_radial02, layout_rooms
D:2:      layout_basic, ebering_ecumenical_altar_mist, grunt_decor_clamped,
          uniq_sigmund
D:3:      layout_basic, nicolae_overflow_ecumenical_swirl,
          mainiacjoe_overflow_large_starburst
D:4:      layout_rooms, grunt_temple_overflow_growth_and_decay,
          minmay_temple_entry_ruins, minmay_manual_monstrance, uniq_ijyb
D:5:      nicolae_cairo_tiling_large, layout_cave_pools,
          mainiacjoe_overflow_concentric_impassable, gammafunk_ghost_hive,
          st_stairs_13, minmay_chambers_of_fives, uniq_duvessa
Temple:   nicolae_temple_god_jail

Skill      XL: |  1  2  3  4  5  6  7  8 |
---------------+-------------------------+-----
Short Blades   | 3 4 5 |  5.3
Dodging        | 3 4 5 |  5.3
Armour         | 2 3 4 |  4.3
Fighting       | 4 6 |  6.7
Stealth        | |  1.9

Action                   |  1- 3 |  4- 6 |  7- 9 || total
-------------------------+-------+-------+-------++-------
Melee: Short sword       |   102 |       |       ||   102
       Dagger            |    22 |    64 |   118 ||   204
       Unarmed           |       |    18 |    16 ||    34
       Punch             |       |       |     1 ||     1
       Touch             |       |       |     6 ||     6
  Use: Potion            |       |       |     5 ||     5
 Stab: Sleeping          |     1 |     2 |     2 ||     5
       Distracted        |     1 |       |       ||     1
Armor: Robe              |    26 |       |       ||    26
       Ring mail         |     2 |    12 |    33 ||    47
Dodge: Dodged            |    85 |    37 |   167 ||   289

Table legend: (Time is in decaauts)
 A = Elapsed time spent in this place.
 B = Non-inter-level travel time spent in this place.
 C = Inter-level travel time spent in this place.
 D = Time resting spent in this place.
 E = Time spent auto-exploring this place.
 F = Levels seen in this place.
 G = Mean time per level.
                   A        B        C        D        E       F      G
               +--------+--------+--------+--------+--------+-----+--------+
         Total |   4609 |   3852 |    757 |      0 |   3044 |   6 |  768.2 |
       Dungeon |   4550 |   3793 |    757 |      0 |   3044 |   5 |  910.0 |
        Temple |     58 |     58 |      0 |      0 |      0 |   1 |   58.0 |
               +--------+--------+--------+--------+--------+-----+--------+

Top non-repeatable levels by time:
     D:2: 1264 daAuts
     D:3: 1082 daAuts
     D:1: 755 daAuts
     D:5: 727 daAuts
     D:4: 721 daAuts
  Temple: 58 daAuts
